 Dungeon Crawl Stone Soup version 0.19-a0-628-g9200b3b (webtiles) character file.

74 Ijustatesigmund the Vandal (level 4, -2/31 HPs)
             Began as a Halfling Hunter on June 13, 2016.
             Killed from afar by a white imp (7 damage)
             ... with a puff of frost
             ... summoned by Natasha
             ... on level 2 of the Dungeon.
             The game lasted 00:03:51 (929 turns).

Ijustatesigmund the Vandal (Halfling Hunter)         Turns: 929, Time: 00:03:51

Health: -2/31      AC:  5    Str: 12    XL:     4   Next: 54%
Magic:  4/4        EV: 13    Int: 10    God:
Gold:   91         SH:  0    Dex: 15    Spells: 0 memorised, 3 levels left

rFire  . . .     SeeInvis .     a - +1 hunting sling
rCold  . . .     Gourm    +     j - +0 ring mail
rNeg   . . .     Faith    .     (shield restricted)
rPois  .         Spirit   .     (no helmet)
rElec  .         Dismiss  .     (no cloak)
rCorr  .         Reflect  .     (no gloves)
SustAt .         Harm     .     (no boots)
MR     .....                    n - amulet of the gourmand
Stlth  +.........               (no ring)
                                (no ring)

@: slowed, very slow, not resistant to hostile enchantments, very unstealthy
A: mutation resistance 1
a: no special abilities


You were on level 2 of the Dungeon.
You were full.

You visited 1 branch of the dungeon, and saw 2 of its levels.

You collected 91 gold pieces.

Inventory:

Hand Weapons
 a - a +1 hunting sling (weapon)
 b - a +0 short sword
Missiles
 d - 9 sling bullets
 g - 73 stones (quivered)
 i - 4 tomahawks
Armour
 j - a +0 ring mail (worn)
Jewellery
 n - an amulet of the gourmand (around neck)
 p - an uncursed ring of ice
Scrolls
 h - a scroll of teleportation
 o - a scroll of enchant weapon {unknown}
Potions
 c - 2 potions of ambrosia
 e - a potion of resistance {unknown}
 l - a potion of lignification
 m - a potion of mutation {unknown}
 q - a potion of degeneration {unknown}
Comestibles
 f - 2 bread rations
 k - a slice of pizza
 r - a chunk of flesh


   Skills:
 + Level 3.1 Fighting
 + Level 3.3 Short Blades
 - Level 5.8 Slings
 - Level 2.1 Dodging
 - Level 1.1 Stealth


You had 3 spell levels left.
You didn't know any spells.

Dungeon Overview and Level Annotations

Branches:
Dungeon (2/15)

Altars:
Xom

Annotations:
D:2 Natasha


Innate Abilities, Weirdness & Mutations

You are small and have problems with some larger weapons.
You are somewhat resistant to further mutation.


Message History

Press: ? - help, Shift-Dir - straight line, f/p - Natasha
Aim: Natasha (lightly wounded)
You shoot a stone. The stone hits Natasha.
Natasha is heavily wounded.
Natasha casts a spell at you. The magic dart hits you!
The crimson imp hits you but does no damage.
Firing (i - inventory. (,) - cycle):
g - 74 stones (quivered)
Press: ? - help, Shift-Dir - straight line, f/p - Natasha
Aim: Natasha (heavily wounded)
You shoot a stone. The stone hits Natasha.
Natasha is heavily wounded.
The white imp gestures at you. The puff of frost hits you!
* * * LOW HITPOINT WARNING * * *
The crimson imp hits you but does no damage.
Natasha misses you. The white imp gestures at you. The puff of frost hits you!
You die...

##.#.###......## #.
##..#.#......#..####.
#..#..#.#.#.###......
#.....#...# ######.
#........## #......
#.....#.## #......
#.(...#.# #......
##5h5..#.## #.......
#..@...........####.
#(........####. #.
.....((((....### . #.
..####.#####.# .. ...
.... #. !#.. .... #
#.. ... (.. ####


You could see Natasha, a crimson imp and a white imp.

Vanquished Creatures
  Natasha (D:2)
  An adder (D:2)
  2 worms (D:2)
  4 goblins
  5 hobgoblins
  3 jackals (D:1)
  9 kobolds
  2 quokkas (D:2)
  A ball python (D:2)
  5 bats
  A giant newt (D:2)
  A rat (D:1)
35 creatures vanquished.

Notes
Turn   | Place    | Note
--------------------------------------------------------------
     0 | D:1      | Ijustatesigmund the Halfling Hunter began the quest for the Orb.
     0 | D:1      | Reached XP level 1. HP: 14/14 MP: 1/1
    49 | D:1      | Reached skill level 1 in Short Blades
   125 | D:1      | Reached XP level 2. HP: 19/19 MP: 2/2
   325 | D:1      | Reached XP level 3. HP: 25/25 MP: 3/3
   749 | D:2      | Found a shimmering altar of Xom.
   881 | D:2      | Noticed Natasha
   888 | D:2      | Reached XP level 4. HP: 28/30 MP: 4/4
   895 | D:2      | Killed Natasha
   920 | D:2      | Noticed Natasha
   929 | D:2      | Killed from afar by a white imp

Vault maps used:
D:1:      scummos_arrival_hexagon, minmay_misc_feat_room
D:2:      yredelemnul_forgotten_temple_becter, xom_teletrap_fun, first_bread,
          uniq_natasha

Skill      XL: |  1  2  3  4 |
---------------+-------------+-----
Fighting       | 2 3 |  3.1
Short Blades   | 1 2 3 |  3.3
Slings         | |  5.8
Dodging        | |  2.1
Stealth        | |  1.1

Action                   |  1- 3 |  4- 6 || total
-------------------------+-------+-------++-------
 Fire: Hunting sling     |    87 |    12 ||    99
  Use: Scroll            |     4 |       ||     4
  Eat: Chunk             |     8 |     5 ||    13
Armor: Ring mail         |     4 |     2 ||     6
Dodge: Dodged            |    12 |     3 ||    15
